 Dungeon Crawl Stone Soup version 0.19.0-22-gd96e5fe (webtiles) character file.

235 Ladykiller69 the Shield-Bearer (level 6, 0/48 HPs)
             Began as a Formicid Fighter on Nov 19, 2016.
             Slain by an ogre
             ... wielding a +0 giant spiked club
              (21 damage)
             ... on level 4 of the Dungeon.
             The game lasted 00:06:54 (3496 turns).

Ladykiller69 the Shield-Bearer (Formicid Fighter)   Turns: 3496, Time: 00:06:54

Health: 0/48       AC: 11    Str: 20    XL:     6   Next: 26%
Magic:  6/6        EV:  4    Int: 10    God:
Gold:   157        SH:  9    Dex: 10    Spells: 0 memorised, 5 levels left

rFire  . . .     SeeInvis +     a - +0 war axe
rCold  . . .     Gourm    .     q - +0 plate armour
rNeg   . . .     Faith    .     c - +0 shield
rPois  .         Spirit   .     (helmet unavailable)
rElec  .         Reflect  .     (no cloak)
rCorr  .         Harm     .     (no gloves)
MR     .....                    (no boots)
Stlth  ..........               (no amulet)
                                (no ring)
                                (no ring)

@: no status effects
A: permanent stasis, dig shafts and tunnels, four strong arms, antennae 3
a: Dig, Shaft Self


You were on level 4 of the Dungeon.
You were not hungry.

You visited 1 branch of the dungeon, and saw 4 of its levels.

You collected 157 gold pieces.

Inventory:

Hand Weapons
 a - a +0 war axe (weapon)
Missiles
 g - 116 stones (quivered)
Armour
 b - a +0 scale mail
 c - a +0 shield (worn)
 i - a +0 chain mail
 q - a +0 plate armour (worn)
Wands
 C - a wand of acid (7/15)
Scrolls
 e - 2 scrolls of identify {unknown}
 h - 8 scrolls of teleportation {unknown}
 j - 2 scrolls of remove curse {unknown}
 l - 2 scrolls of immolation {unknown}
 m - a scroll of recharging {unknown}
 p - a scroll of amnesia {unknown}
 y - a scroll of blinking {unknown}
 A - a scroll of fog {unknown}
 B - 2 scrolls of fear {unknown}
Potions
 d - 2 potions of might
 k - a potion of haste {unknown}
 n - 2 potions of brilliance {unknown}
 o - 3 potions of curing {unknown}
 s - 4 potions of ambrosia {unknown}
 v - a potion of degeneration {unknown}
 w - a potion of lignification {unknown}
 x - 2 potions of heal wounds {unknown}
Comestibles
 f - 3 bread rations
 r - 3 slices of pizza
 t - 2 meat rations
 u - a royal jelly
 z - 4 fruits


   Skills:
 - Level 4.0 Fighting
 * Level 4.4 Axes
 + Level 3.8 Armour
 + Level 5.1 Shields


You had 5 spell levels left.
You didn't know any spells.

Dungeon Overview and Level Annotations

Branches:
Dungeon (4/15)
 Temple: D:4-7

Altars:
Qazlal
Trog
Yredelemnul
The Shining One


Innate Abilities, Weirdness & Mutations

You are under a permanent stasis effect.
You can dig through walls and to a lower floor.
Your four strong arms can wield two-handed weapons with a shield.
You have a pair of large antennae on your head. (SInv)


Message History

Aim: an ogre, wielding a giant spiked club You throw a stone.
The stone hits the ogre.
The ogre is lightly wounded.
Throwing (i - inventory):
g - 117 stones (quivered)
Press: ? - help, Shift-Dir - straight line, f/p - ogre
Aim: an ogre, wielding a giant spiked club (lightly wounded)
You throw a stone. The stone barely misses the ogre.
You slash the ogre!
The ogre is severely wounded.
The ogre hits you with a giant spiked club!
You hit the ogre.
The ogre is severely wounded.
The ogre hits you with a giant spiked club.
You slash the ogre!
The ogre is almost dead.
The ogre hits you with a giant spiked club!
Your shield and plate armour prevent you from hitting the ogre.
The ogre is almost dead.
The ogre hits you with a giant spiked club!!
You die...

#.##.##.# #...#
#.##.##.#####...#####
#.##..#..............
#.##.#....<..........
#.##..#..............
#.......#####...#####
##.#...## #...#
#####.#...# #...#
.......@O.# ###...###
#####.....####.....g.###
##....(..#.##.##.##.
###..####(#.##.##.##.
.....#......g..##.##.
###.##.##.#.##.......
#.......#.##.##.##.
###.............##.
#...#############


You could see an ogre.

Vanquished Creatures
  An orc priest (D:3)
  Robin (D:2)
  7 gnolls
  3 adders
  2 oozes
  An adder skeleton (D:4)
  4 worms
  2 dart slugs
  3 orcs
  A ball python (D:1)
  5 bats
  7 giant cockroaches
  2 hobgoblins
  3 jackals (D:3)
  6 kobolds
  A quokka (D:2)
  19 goblins
  A quokka skeleton (D:4)
  4 rats
73 creatures vanquished.

Notes
Turn   | Place    | Note
-------+----------+-------------------------------------------
     0 | D:1      | Ladykiller69 the Formicid Fighter began the quest for the Orb.
     0 | D:1      | Reached XP level 1. HP: 18/18 MP: 1/1
   184 | D:1      | Reached XP level 2. HP: 18/24 MP: 2/2
   593 | D:2      | Reached XP level 3. HP: 28/29 MP: 3/3
   606 | D:2      | Found a basalt altar of Yredelemnul.
   625 | D:2      | Found a glowing golden altar of the Shining One.
   680 | D:2      | Noticed Robin
   712 | D:2      | Reached skill level 4 in Shields
   721 | D:2      | Killed Robin
   736 | D:2      | Reached XP level 4. HP: 29/35 MP: 4/4
  1414 | D:2      | Reached XP level 5. HP: 40/41 MP: 5/5
  1491 | D:2      | Noticed an angel
  1589 | D:3      | Found a stormy altar of Qazlal.
  2779 | D:4      | Reached XP level 6. HP: 44/48 MP: 6/6
  2851 | D:4      | Reached skill level 5 in Shields
  3008 | D:4      | Found a bloodstained altar of Trog.
  3008 | D:4      | Noticed an ogre
  3496 | D:4      | Slain by an ogre

Skill      XL: |  1  2  3  4  5  6 |
---------------+-------------------+-----
Shields        | 4 5 |  5.1
Axes           | 3 4 |  4.4
Fighting       | 4 |  4.0
Armour         | |  3.8

Action                   |  1- 3 |  4- 6 || total
-------------------------+-------+-------++-------
Melee: War axe           |    86 |   226 ||   312
Throw: Stone             |       |     2 ||     2
 Abil: Dig               |     1 |       ||     1
  Eat: Chunk             |       |     9 ||     9
Armor: Chain mail        |    51 |    16 ||    67
       Scale mail        |     1 |       ||     1
       Plate armour      |       |   120 ||   120
Dodge: Dodged            |    24 |    37 ||    61
Block: Shield            |    55 |   136 ||   191
